 Dungeon Crawl Stone Soup version 0.21-a0-522-ga8338f0 (webtiles) character file.

65 slep the Shield-Bearer (level 3, -5/33 HPs)
             Began as a Minotaur Fighter on Dec 7, 2017.
             Slain by Sigmund
             ... wielding a +0 scythe
              (9 damage)
             ... on level 2 of the Dungeon.
             The game lasted 00:03:46 (1786 turns).

slep the Shield-Bearer (Minotaur Fighter)           Turns: 1786, Time: 00:03:47

Health: -5/33      AC:  7    Str: 21    XL:     3   Next: 92%
Magic:  2/2        EV:  7    Int:  5    God:
Gold:   127        SH:  9    Dex:  9    Spells: 2/2 levels left

rFire    . . .     SeeInvis .   a - +0 war axe
rCold    . . .     Gourm    .   c - +0 shield
rNeg     . . .     Faith    .   b - +0 scale mail
rPois    .         Spirit   .   (helmet restricted)
rElec    .         Reflect  .   (no cloak)
rCorr    .         Harm     .   (no gloves)
MR       .....                  (no boots)
Stlth    ..........             (no amulet)
HPRegen  0.11/turn              (no ring)
MPRegen  0.08/turn              (no ring)

@: no status effects
A: retaliatory headbutt, horns 2
a: no special abilities


You were on level 2 of the Dungeon.
You were not hungry.

You visited 1 branch of the dungeon, and saw 2 of its levels.

You collected 127 gold pieces.

Inventory:

Hand Weapons
 a - a +0 war axe (weapon)
Armour
 b - a +0 scale mail (worn)
 c - a +0 shield (worn)
Jewellery
 g - a cursed -4 ring of dexterity {unknown}
Scrolls
 e - a scroll of magic mapping {unknown}
 i - a scroll of enchant weapon {unknown}
 j - 2 scrolls of identify {unknown}
 n - a scroll of enchant armour {unknown}
 o - a scroll of random uselessness {unknown}
 q - a scroll of immolation {unknown}
 r - a scroll of teleportation {unknown}
Potions
 d - a potion of might
 m - a potion of heal wounds {unknown}
Comestibles
 f - a bread ration
 h - 2 meat rations
 k - 5 fruits
 l - a royal jelly
 p - a chunk of flesh


   Skills:
 + Level 4.2 Fighting
 + Level 3.1 Axes
 + Level 4.2 Armour
 + Level 4.4 Shields


You had 2 spell levels left.
You didn't know any spells.

Dungeon Overview and Level Annotations

Branches:
Dungeon (2/15)

Altars:
The Shining One

Annotations:
D:2 Sigmund


Innate Abilities, Weirdness & Mutations

You reflexively headbutt those who attack you in melee.
You have a pair of horns on your head.


Message History

Deactivating autopickup; reactivate with Ctrl-A.
Something hits you. Something hits you.
You miss something. You headbutt something. You miss something.
You headbutt something.
You feel less confused. Something hits you but does no damage.
You hit something but do no damage.
You hear some strange, mumbled words.
A puff of flame appears from out of thin air!
The puff of flame hits you!
You hear some strange, mumbled words.
A puff of flame appears from out of thin air!
You block the puff of flame.
You closely miss something. Your headbutt misses something. Something hits you!
You miss something. Something hits you!
* * * LOW HITPOINT WARNING * * *
You hit something. Something hits you but does no damage.
You closely miss something. Your headbutt misses something. Something hits you!
You die...

..).......# #.#.#..#
#........ .♣..♣.♣..♣#
#.#.#..# #........
.(........# #.#.#..#
#........
.(♣.....♣.####.#.#..#
#........
.(..♣.♣........#.#.[#
#########'#
.(#######.######.#..#
#....)†....
..........#....#.####
#.#######.#
(#.########.##.#.#
#.........# .#.#
#.##.#@# #♣.P♣######
.#.# #.##.#{# ♣..PP♣
# .#.# #.##.#.#
♣♣P)PP♣ #
.#.########.##.#.#
♣....♣♣♣ #
.#............<#..
♣♣.P.♣P♣ #
.###################
♣P....♣ #
............(......#
#♣♣.P♣♣ ####
##################.#
♣♣♣♣ #... #.######.#
#.##


There were no monsters in sight!

Vanquished Creatures
  An adder (D:2)
  2 worms (D:2)
  2 dart slugs
  A leopard gecko (D:2)
  4 giant cockroaches
  6 goblins
  6 hobgoblins (D:1)
  3 jackals (D:1)
  A quokka (D:2)
  3 bats
  A frilled lizard (D:2)
  9 kobolds
  6 rats (D:1)
45 creatures vanquished.

Notes
Turn   | Place    | Note
-------+----------+-------------------------------------------
     0 | D:1      | slep the Minotaur Fighter began the quest for the Orb.
     0 | D:1      | Reached XP level 1. HP: 19/19 MP: 0/0
     1 | D:1      | Noticed an electric eel
    79 | D:1      | Reached XP level 2. HP: 25/27 MP: 1/1
   259 | D:1      | Reached XP level 3. HP: 26/33 MP: 2/2
   428 | D:1      | Found a glowing golden altar of the Shining One.
  1773 | D:2      | Noticed Sigmund
  1786 | D:2      | Slain by Sigmund

Vault maps used:
D:1:      arrival_aquarium_a, minmay_misc_feat_more_columns, minivault_4,
          hangedman_abyss_or_decor_lesser_grid, chequers_big_river,
          minmay_misc_feat_room, tso_metal_star
D:2:      serial_forest, infiniplex_forest_lined_ring,
          infiniplex_forest_lined_room_3, infiniplex_forest_clump_large,
          infiniplex_forest_lined_ring, infiniplex_forest_straight_1,
          infiniplex_forest_clump_long, infiniplex_forest_end_2,
          infiniplex_forest_lined_room_, infiniplex_forest_clump_diagonal,
          uniq_sigmund

Skill      XL: |  1  2  3 |
---------------+----------+-----
Shields        | 4 |  4.4
Fighting       | 4 |  4.2
Axes           | 3 |  3.1
Armour         | 4 |  4.2

Action                   || total
-------------------------++-------
Melee: War axe           ||   123
       Headbutt          ||    11
  Eat: Chunk             ||     3
Armor: Scale mail        ||    54
Dodge: Dodged            ||    29
Block: Shield            ||    67

Table legend:
 A = Spawn XP
 B = Non-spawn XP
 C = Spawn XP percentage of total XP
 D = Spawn monster count
 E = Non-spawn monster count
 F = Spawn count percentage of total count
 G = Total turns spent on level
                    A         B        C        D         E        F      G
               +---------+---------+-------+---------+---------+-------+---------
         Total |       0 |      93 |   0.0 |       0 |      45 |   0.0 |  1786
               +---------+---------+-------+---------+---------+-------+---------
           D:1 |       0 |      49 |   0.0 |       0 |      31 |   0.0 |   839
           D:2 |       0 |      44 |   0.0 |       0 |      14 |   0.0 |   947
               +---------+---------+-------+---------+---------+-------+---------
